 Dungeon Crawl Stone Soup version 0.27.1 (webtiles) character file.

Game seed: 6413284806995323808

99252 sanka the Severer (level 15, -13/123 HPs)
             Began as a Palentonga Abyssal Knight on Aug 22, 2021.
             Was the Champion of Lugonu.
             Shot with an arrow by a deep elf archer (16 damage)
             ... on level 15 of the Dungeon.
             The game lasted 01:13:37 (32326 turns).

sanka the Severer (Palentonga Abyssal Knight)      Turns: 32326, Time: 01:13:38

Health: -13/123    AC: 34    Str: 28    XL:     15   Next: 77%
Magic:  25/25      EV:  4    Int: 13    God:    Lugonu [******]
Gold:   1242       SH: 14    Dex:  8    Spells: 14/14 levels left

rFire    . . .     SeeInvis +   a - +6 broad axe (distort)
rCold    . . .     Faith    .   n - +0 tower shield
rNeg     + + +     Spirit   .   H - +6 chain mail of Cowardice {Str+4}
rPois    +         Reflect  .   f - +1 helmet of Gozag's Indignation {Str+3}
rElec    .         Harm     .   q - +0 cloak
rCorr    +         Rampage  .   P - +2 pair of gloves {Str+3}
Will     +....                  (no barding)
Stlth    ..........             N - amulet of regeneration
HPRegen  1.30/turn              O - ring of the Castellan {rPois rN+++ rCorr Dex-5 Slay+5}
MPRegen  0.19/turn              d - ring "Keimp" {AC+4 Slay+6}

@: curled up
A: large, rugged brown scales 3, see invisible, deformed body, roll 1, armoured
tail, reflexive curl
a: Rolling Charge, Renounce Religion, Depart the Abyss, Bend Space, Banish,
Corrupt, Enter the Abyss


You were on level 15 of the Dungeon.
You worshipped Lugonu.
Lugonu was exalted by your worship.
You visited 3 branches of the dungeon, and saw 23 of its levels.
You visited the Abyss 1 time.
You visited 1 bazaar.
You also visited: Sewer, Bailey, Gauntlet and Volcano.

You collected 4067 gold pieces.
You spent 2825 gold pieces at shops.


Innate Abilities, Weirdness & Mutations

You are completely covered in rugged brown scales. (AC +3, +7% HP)
You have supernaturally acute eyesight. (SInv)
Armour fits poorly on your strangely shaped body.
You can roll at nearby foes to attack.
You have a long armoured tail.
You curl defensively after being hit.


   Skills:
 + Level 10.2 Fighting
 - Level 18.0 Axes
 + Level 9.6 Armour
 + Level 5.3 Dodging
 + Level 2.5 Shields
 - Level 14.0 Invocations
 + Level 5.6 Evocations


You had 14 spell levels left.
You didn't know any spells.
Your spell library contained the following spells:

 Spells                   Type           Power      Damage    Failure   Level
 Beastly Appendage        Tmut           0%         N/A       100%        1
 Freeze                   Ice            0%         1d3       100%        1
 Magic Dart               Conj           0%         1d3       100%        1
 Shock                    Conj/Air       0%         1d3       100%        1
 Corpse Rot               Necr/Air       N/A        N/A       100%        2
 Passwall                 Tmut/Erth      0%         N/A       100%        2
 Poisonous Vapours        Pois/Air       0%         N/A       100%        2
 Slow                     Hex            0%         N/A       100%        2
 Static Discharge         Conj/Air       0%         N/A       100%        2
 Sublimation of Blood     Necr           0%         N/A       100%        2
 Wereblood                Tmut           0%         N/A       100%        2
 Call Canine Familiar     Summ           0%         N/A       100%        3
 Frozen Ramparts          Ice            0%         1d2       100%        3
 Mephitic Cloud           Conj/Pois/Air  0%         N/A       100%        3
 Ozocubu's Armour         Ice            0%         N/A       100%        3
 Portal Projectile        Hex/Tloc       0%         N/A       100%        3
 Summon Guardian Golem    Hex/Summ       0%         N/A       100%        3
 Animate Dead             Necr           0%         N/A       100%        4
 Fulminant Prism          Conj/Hex       0%         3d6       100%        4
 Hailstorm                Conj/Ice       0%         3d3       100%        4
 Ice Form                 Ice/Tmut       0%         N/A       100%        4
 Leda's Liquefaction      Hex/Erth       0%         N/A       100%        4
 Sticky Flame             Conj/Fire      0%         2d3       100%        4
 Borgnjor's Vile Clutch   Necr/Erth      0%         N/A       100%        5
 Freezing Cloud           Conj/Ice/Air   0%         6-21      100%        5
 Manifold Assault         Tloc           0%         N/A       100%        5
 Metabolic Englaciation   Hex/Ice        0%         N/A       100%        5
 Silence                  Hex/Air        0%         N/A       100%        5
 Death Channel            Necr           0%         N/A       100%        6
 Simulacrum               Ice/Necr       0%         N/A       100%        6
 Haunt                    Necr/Summ      0%         N/A       100%        7
 Orb of Destruction       Conj           0%         N/A       100%        7
 Ozocubu's Refrigeration  Ice            0%         4d5       100%        7
 Summon Hydra             Summ           0%         N/A       100%        7
 Infestation              Necr           0%         N/A       100%        8
 Polar Vortex             Ice            0%         N/A       100%        9

Inventory:

Hand Weapons
 a - a +6 broad axe of distortion (weapon)
 L - the +5 lajatang of Goafyx {vorpal, rN+ Int+3 Dex-2}

   It inflicts extra damage upon your enemies.
   Int:       It affects your intelligence (+3).
   Dex:       It affects your dexterity (-2).
   rN:        It protects you from negative energy.
Armour
 f - the +1 helmet of Gozag's Indignation (worn) {Str+3}

   Str:       It affects your strength (+3).
 n - a +0 tower shield (worn)
 q - a +0 cloak (worn)
 E - a +2 pair of gloves of dexterity
 H - the +6 chain mail of Cowardice (worn) {Str+4}

   Str:       It affects your strength (+4).
 M - the +4 chain mail of Votik {rC+ rN+ Dex+6}

   Dex:       It affects your dexterity (+6).
   rC:        It protects you from cold.
   rN:        It protects you from negative energy.
 P - a +2 pair of gloves of strength (worn)
 W - a +2 plate armour of cold resistance
Magical Staves
 Q - a staff of air
Jewellery
 d - the ring "Keimp" (right hand) {AC+4 Slay+6}

   [ring of protection]

   AC:        It affects your AC (+4).
   Slay:      It affects your accuracy & damage with ranged weapons and melee
   (+6).
 v - a ring of willpower
 D - a ring of fire
 I - a ring of ice
 J - a ring of willpower
 N - an amulet of regeneration (around neck)
 O - the ring of the Castellan (left hand) {rPois rN+++ rCorr Dex-5 Slay+5}

   [ring of poison resistance]

   Dex:       It affects your dexterity (-5).
   Slay:      It affects your accuracy & damage with ranged weapons and melee
   (+5).
   rPois:     It protects you from poison.
   rN:        It renders you almost immune to negative energy.
   rCorr:     It protects you from acid and corrosion.
 R - a ring of flight
Wands
 o - a wand of acid (18)
 u - a wand of digging (8)
 z - a wand of charming (18)
 A - a wand of iceblast (37)
 B - a wand of paralysis (15)
 K - a wand of mindburst (14)
 S - a wand of flame (13)
Scrolls
 c - 3 scrolls of immolation {!r}
 e - 6 scrolls of blinking
 i - a scroll of magic mapping
 l - 6 scrolls of fear
 m - 9 scrolls of teleportation {@r4}
 p - 2 scrolls of summoning
 x - 2 scrolls of vulnerability {!r}
 y - 3 scrolls of fog
 C - a scroll of identify {@r1}
 V - 2 scrolls of enchant armour
Potions
 b - a potion of brilliance
 g - 2 potions of ambrosia
 h - 3 potions of flight
 j - a potion of attraction {!q}
 k - a potion of magic
 r - 6 potions of curing {@q1}
 s - 2 potions of heal wounds {@q2}
 t - 8 potions of mutation {!q}
 w - a potion of invisibility
 F - 2 potions of berserk rage {!q}
 G - a potion of lignification {!q}
Miscellaneous
 T - a box of beasts
 U - a condenser vane

Dungeon Overview and Level Annotations

Branches:
Dungeon (15/15)            Temple (0/1) D:4            Lair (6/6) D:9
 Shoals (0/4) Lair:3       Spider (0/4) Lair:4        Slime (0/5) Lair:5
    Orc (2/2) D:9             Elf (0/3) Orc:2        Vaults (0/5) D:13
  Sewer (visited)          Bailey (visited)         Volcano (visited)
Gauntlet (visited)
 Depths: D:15

Altars:
Ashenzari
Dithmenos
Elyvilon
Fedhas
Gozag
Makhleb
Okawaru
Qazlal
Sif Muna
Vehumet
Wu Jian
Xom
Yredelemnul
Zin
The Shining One
Beogh
Jiyva

Shops:
D:2 ?   D:3 [   Orc:1 :   Orc:2 [(=*?

Annotations:
Lair:2 2 transporters, Xudgha's ghost, journeyman MiFi
Orc:2 3 runed translucent doors, Segg's ghost, adept GnSk

... .. ..
▒▒▒▒▒▒.▒▒▒
......▒.▒ ▒
▒.<....▒
▒.▒▒..e..▒.▒▒
▒▒▒....H.......
▒<▒▒▒▒.).....▒▒
▒...=..▒▒▒.▒▒▒
▒▒▒▒▒▒.▒ ▒ ▒.▒
▒.▒ ▒e▒ ... ▒▒.


You could see 2 deep elf archers.


Message History

The deep elf archer wields a +0 dagger.
You block the deep elf archer's attack.
Unknown command.
You slice the deep elf archer!!
The deep elf archer is heavily wounded.
The deep elf archer shoots an arrow.
You block the arrow.
The deep elf archer blinks!
The deep elf archer shoots an arrow.
The arrow hits you!
* * * LOW HITPOINT WARNING * * *
* * * LOW HITPOINT WARNING * * *
The deep elf archer blinks!
Unknown command.
The deep elf archer unwields a +0 dagger.
The deep elf archer wields a +0 shortbow.
The deep elf archer shoots an arrow.
The arrow hits you!
* * * LOW HITPOINT WARNING * * *
The deep elf archer shoots an arrow.
The arrow hits you!
* * * LOW HITPOINT WARNING * * *
* * * LOW HITPOINT WARNING * * *
Items here: )) [[ †.
The deep elf archer unwields a +0 shortbow.
The deep elf archer wields a +0 dagger.
You block the deep elf archer's attack.
The deep elf archer shoots an arrow.
The arrow hits you!
You die...

Action                   |  1- 3 |  4- 6 |  7- 9 | 10-12 | 13-15 || total
-------------------------+-------+-------+-------+-------+-------++-------
Melee: Hand axe          |   159 |    85 |   100 |       |       ||   344
       Tailslap          |    14 |    28 |    55 |   152 |   184 ||   433
       Dagger            |       |   124 |   265 |       |       ||   389
       War axe           |       |       |    81 |   630 |    51 ||   762
       Long sword        |       |       |       |    13 |     2 ||    15
       Broad axe         |       |       |       |       |   604 ||   604
       Battleaxe         |       |       |       |       |   226 ||   226
Invok: Banish            |       |       |     2 |     6 |     2 ||    10
       Brand Weapon With |       |       |       |       |     1 ||     1
 Abil: Rolling Charge    |     1 |     1 |     5 |     8 |    16 ||    31
Evoke: Wand              |       |       |     4 |     2 |     7 ||    13
  Use: Scroll            |       |     4 |     1 |     9 |    15 ||    29
       Potion            |       |       |     2 |       |    10 ||    12
Armor: Scale mail        |   122 |    73 |       |       |       ||   195
       Leather armour    |     1 |       |       |       |       ||     1
       Chain mail        |       |    70 |   395 |   418 |   603 ||  1486
Dodge: Dodged            |    80 |    81 |   139 |   158 |   258 ||   716
Block: Tower shield      |       |       |       |       |   105 ||   105
       Rpst.: Long sword |       |       |       |       |     1 ||     1

Levels and vault maps discovered:
D:1:      dpeg_arrival_another_circle, layout_basic,
          chequers_ecumenical_altar_twisty, minmay_box_of_dots
D:2:      layout_loops_ring, serial_shops, shop_scrolls, basic_altar, uniq_robin
D:3:      kennysheep_big_flooded_room, layout_rooms, lemuel_round_altar,
          serial_shops, nicolae_square_shop
D:4:      layout_loops_ring, zin_angel, nicolae_tso_besieged_by_evil,
          minmay_temple_entry_hall, dk_vineyard_3,
          chequers_serial_rivers_micro_e, uniq_duvessa
D:5:      layout_loops_corners, grunt_temple_overflow_lords_of_destruction,
          portal_sewer_entry_c, item_on_display_a
D:6:      layout_loops_ring, nicolae_sif_muna_little_library,
          uniq_prince_ribbit1
D:7:      corexii_shack_village, layout_basic, amcnicky_altar_gilded,
          mainiacjoe_overflow_catch_the_wave, lemuel_flame_loot_1
D:8:      layout_basic, yredelemnul_forgotten_temple_becter
D:9:      layout_small_grid, grunt_ashenzari_visionary
          [grunt_ashenzari_visionary_shoals, grunt_ashenzari_visionary_spider],
          nzn_wu_jian_council_hall, david_lair_generic,
          minmay_orc_entry_temple_small, hangedman_decor_points, uniq_psyche
D:10:     layout_rooms, overflow_temple_1_default, uniq_snorg
D:11:     layout_irregular_city, serial_shops, bzr_entry_islet, minivault_11,
          uniq_gastronok
D:12:     layout_stronghold, minmay_lindwurm_lava
D:13:     layout_roguey, grunt_vaults_entry_fortified
D:14:     layout_rooms, serial_bayou_pond_d, enter_bailey_3
D:15:     grunt_enter_depths_snipers, layout_basic,
          portal_ice_cave_entry_dragon, gammafunk_ghost_mausoleum,
          nzn_hepliaklqana_mist_gate, hex_tiny, nicolae_elyvilon_temple_path,
          uniq_agnes, uniq_louise
Lair:1:   layout_misc_corridors, grunt_megastairs_1, uniq_joseph
Lair:2:   layout_loops_ring, gammafunk_ghost_arena, infiniplex_staircase_pool,
          grunt_megastairs_5, lemuel_fruit_tree, minmay_lair_oklob_chamber
Lair:3:   nzn_winding_woodlands_three_and_one [nzn_winding_woodlands_5x15_cabin,
          nzn_winding_woodlands_5x15_default, nzn_winding_woodlands_5x15_garden,
          nzn_winding_woodlands_center_diamonds], layout_chaotic_city,
          minmay_shoals_entry_lonely_mermaid
Lair:4:   layout_cave_pods, nicolae_spider_entry_non_spiders,
          gauntlet_entry_generic, chequers_serial_rivers_room_b
Lair:5:   layout_roguey, dpeg_slime_entry_enclosed_altar, hangedman_tree_tricks
Lair:6:   due_jungle_book, layout_regular_city, serial_bayou,
          serial_bayou_crossing, serial_bayou_shore_a, serial_bayou_pond_d,
          serial_bayou_pond_a, bobbens_ice_dragon_lair,
          infiniplex_staircase_pool_2
Orc:1:    layout_caves, lightli_volcano_entry_magma_tube, serial_shops,
          nicolae_shop_statue_plus, bh_open_orc_temple
Orc:2:    st_orc_mages, layout_caves, gammafunk_ghost_necromancy, serial_shops,
          nicolae_shop_trees

Notes
Turn   | Place    | Note
-------+----------+-------------------------------------------
     0 | Abyss:1  | sanka the Palentonga Abyssal Knight began the quest for the
                  | Orb.
     0 | Abyss:1  | Reached XP level 1. HP: 19/19 MP: 2/2
    26 | D:1      | Escaped the Abyss
   316 | D:1      | Reached XP level 2. HP: 4/25 MP: 4/4
   608 | D:1      | Reached skill level 3 in Invocations
  1091 | D:1      | Reached XP level 3. HP: 26/31 MP: 5/5
  1192 | D:1      | Found a faded altar of an unknown god.
  1325 | D:1      | Reached ** piety under Lugonu
  1329 | D:1      | Reached skill level 4 in Invocations
  2097 | D:2      | Found Quvvifusch's Magic Scroll Boutique.
  2101 | D:2      | Noticed Robin
  2153 | D:2      | Found a stormy altar of Qazlal.
  2477 | D:2      | Reached XP level 4. HP: 30/37 MP: 7/7
  2915 | D:2      | Reached skill level 5 in Invocations
  2947 | D:2      | Bought a scroll of identify for 20 gold pieces
  2947 | D:2      | Bought a scroll of fear for 35 gold pieces
  2947 | D:2      | Bought a scroll of teleportation for 30 gold pieces
  3221 | D:2      | Killed Robin
  3499 | D:3      | Found Etsunaulu's Antique Armour Boutique.
  3788 | D:3      | HP: 2/37 [worm (2)]
  4221 | D:3      | Found a shadowy altar of Dithmenos.
  4322 | D:2      | Bought a scroll of identify for 20 gold pieces
  4384 | D:4      | Reached XP level 5. HP: 21/43 MP: 9/9
  4650 | D:4      | Noticed Duvessa
  4654 | D:4      | Noticed Dowan
  4683 | D:4      | Killed Duvessa
  4684 | D:4      | Reached skill level 6 in Invocations
  4884 | D:4      | Killed Dowan
  4885 | D:4      | Reached skill level 7 in Invocations
  4885 | D:4      | Reached XP level 6. HP: 48/50 MP: 11/11
  4887 | D:4      | Reached *** piety under Lugonu
  4920 | D:4      | Found a staircase to the Ecumenical Temple.
  5011 | D:4      | Found a glowing golden altar of the Shining One.
  5082 | D:4      | Reached skill level 8 in Invocations
  5520 | D:4      | Noticed an angel
  5521 | D:4      | Found a glowing silver altar of Zin.
  5814 | D:5      | Entered Level 5 of the Dungeon
  5879 | D:5      | Reached skill level 2 in Armour
  5903 | D:5      | Gained mutation: You curl defensively after being hit.
                  | [Palentonga growth]
  5903 | D:5      | Reached XP level 7. HP: 48/55 MP: 13/13
  5971 | D:5      | Found a glowing drain.
  6120 | Sewer    | Entered a sewer
  6345 | Sewer    | Reached **** piety under Lugonu
  6347 | Sewer    | Reached skill level 4 in Fighting
  6933 | D:5      | Reached skill level 3 in Armour
  7271 | D:5      | Found a burning altar of Makhleb.
  7272 | D:5      | Found a radiant altar of Vehumet.
  7703 | D:6      | Noticed Prince Ribbit
  7980 | D:6      | Reached skill level 5 in Fighting
  7980 | D:6      | Reached XP level 8. HP: 13/66 MP: 14/14
  8298 | D:6      | Reached skill level 3 in Axes
  8457 | D:6      | Identified +0 steam dragon scales
  8458 | D:6      | Reached skill level 4 in Armour
  8860 | D:6      | Reached skill level 4 in Axes
  9017 | D:7      | Found an opulent altar of Gozag.
  9142 | D:7      | Reached skill level 6 in Fighting
  9271 | D:7      | Got Sif Muna's Handbook of the Lethal Compass
  9493 | D:7      | Reached skill level 5 in Axes
  9810 | D:7      | Found an iron altar of Okawaru.
  9904 | D:7      | Reached XP level 9. HP: 29/75 MP: 15/15
 10178 | D:7      | Identified +0 steam dragon scales
 10179 | D:7      | Reached skill level 5 in Armour
 10333 | D:7      | Found a white marble altar of Elyvilon.
 11212 | D:3      | Bought a fading chain mail for 209 gold pieces
 11212 | D:3      | Identified the +6 chain mail of Cowardice {Str+4} (You
                  | bought it in a shop on level 3 of the Dungeon)
 11465 | D:6      | Reached skill level 6 in Axes
 11517 | D:6      | Reached ***** piety under Lugonu
 11698 | D:6      | Found a shimmering blue altar of Sif Muna.
 11957 | D:8      | Noticed a two-headed ogre
 11958 | D:8      | Banished a two-headed ogre
 11959 | D:8      | Reached skill level 7 in Fighting
 11959 | D:8      | Reached skill level 7 in Axes
 12089 | D:8      | Noticed a two-headed ogre
 12090 | D:8      | Banished a two-headed ogre
 12091 | D:8      | Reached skill level 8 in Axes
 12091 | D:8      | Reached skill level 6 in Armour
 12091 | D:8      | Reached XP level 10. HP: 85/85 MP: 11/16
 12252 | D:8      | Identified the +2 robe of Xom's Anger {Contam Rampage Fly
                  | Str+3}
 12268 | D:8      | Noticed a two-headed ogre
 12282 | D:8      | Killed a two-headed ogre
 12283 | D:8      | Reached skill level 8 in Fighting
 13209 | D:8      | Reached skill level 9 in Axes
 13272 | D:8      | Found a basalt altar of Yredelemnul.
 13373 | D:9      | Noticed Psyche
 13386 | D:9      | Killed Psyche
 13600 | D:9      | Identified the +11 long sword of Starshine {flame, rElec
                  | rN+ Dex+4}
 13614 | D:9      | Reached skill level 7 in Armour
 13622 | D:9      | Reached skill level 10 in Axes
 13784 | D:9      | Noticed an elephant
 13819 | D:9      | Noticed a death yak
 13833 | D:9      | Killed an elephant
 13839 | D:9      | Banished a death yak
 13840 | D:9      | Reached XP level 11. HP: 34/92 MP: 4/17
 14157 | D:9      | Found a staircase to the Lair.
 14347 | D:9      | Found a staircase to the Orcish Mines.
 14640 | D:9      | Found an ornate altar of the Wu Jian Council.
 14713 | D:9      | Found a broken altar of Ashenzari.
 14717 | D:9      | Saw a vision of the Shoals and the Spider Nest.
 14717 | D:9      | Noticed a wolf spider
 14717 | D:9      | Noticed a wolf spider
 14717 | D:9      | Noticed a wolf spider
 14718 | D:9      | Noticed a sea snake
 15067 | D:6      | Killed Prince Ribbit
 15068 | D:6      | Reached skill level 11 in Axes
 15176 | Lair:1   | Entered Level 1 of the Lair of Beasts
 15193 | Lair:1   | Noticed a four-headed hydra
 15212 | Lair:1   | Killed a one-headed hydra
 15564 | Lair:1   | Reached skill level 8 in Armour
 15835 | Lair:1   | Reached skill level 12 in Axes
 16025 | Lair:1   | Noticed a four-headed hydra
 16051 | Lair:1   | Killed a one-headed hydra
 16411 | Lair:1   | Reached skill level 13 in Axes
 16822 | Lair:1   | Noticed Joseph
 16833 | Lair:1   | Killed Joseph
 16934 | Lair:2   | Noticed a six-headed hydra
 16937 | Lair:2   | Noticed an eight-headed hydra
 16939 | Lair:2   | Noticed Xudgha's ghost (journeyman MiFi)
 17406 | Lair:2   | Found a transporter.
 17421 | Lair:2   | Found a transporter.
 17534 | Lair:2   | Reached XP level 12. HP: 71/98 MP: 18/18
 18054 | Lair:2   | Reached skill level 9 in Invocations
 18101 | Lair:2   | Reached skill level 14 in Axes
 18811 | Lair:3   | Got Vugozuo's Handbook of Floating Shape Shifting
 18942 | Lair:3   | Found a staircase to the Shoals.
 19827 | Lair:3   | Reached skill level 10 in Invocations
 20157 | Lair:3   | Got the Reference Book on Congealing Weightlessness
 20474 | Lair:4   | Found a hole to the Spider Nest.
 20556 | Lair:4   | Noticed a four-headed hydra
 20610 | Lair:4   | Banished a four-headed hydra
 20611 | Lair:4   | Reached skill level 11 in Invocations
 20687 | Lair:4   | Found a gate leading to a gauntlet.
 20699 | Gauntlet | Entered a Gauntlet
 20699 | Gauntlet | Found a transporter.
 20699 | Gauntlet | Found a runed translucent door.
 20699 | Gauntlet | Found a transporter.
 20839 | Gauntlet | Found a runed translucent door.
 20850 | Gauntlet | Found a transporter.
 20868 | Gauntlet | Found a transporter.
 20868 | Gauntlet | Found a transporter.
 20870 | Gauntlet | Found a transporter.
 20871 | Gauntlet | Found a transporter.
 20875 | Gauntlet | Noticed an entropy weaver
 20884 | Gauntlet | Found a transporter.
 20899 | Gauntlet | Found a transporter.
 20901 | Gauntlet | Noticed a hell beast
 20903 | Gauntlet | Found a runed translucent door.
 20910 | Gauntlet | Found a transporter.
 20927 | Gauntlet | Found a transporter.
 20944 | Gauntlet | Found a transporter.
 20944 | Gauntlet | Found a transporter.
 20956 | Gauntlet | Found a transporter.
 20958 | Gauntlet | Noticed a two-headed ogre
 20958 | Gauntlet | a death drake changed into a two-headed ogre
 21008 | Gauntlet | Identified the +1 helmet of Gozag's Indignation {Str+3}
 21042 | Gauntlet | Reached skill level 15 in Axes
 21359 | Gauntlet | Banished an entropy weaver
 21360 | Gauntlet | Reached XP level 13. HP: 101/104 MP: 16/21
 21415 | Gauntlet | Identified the +4 chain mail of Votik {rC+ rN+ Dex+6}
 21415 | Gauntlet | Noticed a minotaur
 21425 | Gauntlet | Killed a minotaur
 21450 | Gauntlet | Identified the ring of the Castellan {rPois rN+++ rCorr
                  | Dex-5 Slay+5}
 22465 | Lair:5   | Reached skill level 12 in Invocations
 23219 | Lair:5   | Found a viscous altar of Jiyva.
 23219 | Lair:5   | Found a staircase to the Slime Pits.
 23352 | Lair:5   | Found a blossoming altar of Fedhas.
 23544 | Lair:6   | Entered Level 6 of the Lair of Beasts
 23558 | Lair:6   | Reached skill level 13 in Invocations
 23561 | Lair:6   | Reached skill level 16 in Axes
 23911 | Lair:6   | Reached ****** piety under Lugonu
 24132 | Lair:6   | Noticed a dire elephant
 24211 | Lair:6   | Reached XP level 14. HP: 109/112 MP: 24/24
 24271 | Lair:6   | Reached skill level 14 in Invocations
 24947 | Lair:6   | Reached skill level 17 in Axes
 25591 | Orc:1    | Entered Level 1 of the Orcish Mines
 25768 | Orc:1    | Found Faull's Book Shop.
 26084 | Orc:1    | Found a dark tunnel.
 26092 | Volcano  | Entered a volcano
 26154 | Volcano  | Reached skill level 18 in Axes
 26158 | Volcano  | Reached skill level 1 in Dodging
 26223 | Volcano  | Reached skill level 1 in Evocations
 26597 | Orc:2    | Entered Level 2 of the Orcish Mines
 26774 | Orc:2    | Identified a +2 robe of the Archmagi
 26784 | Orc:2    | Paralysed by an orc sorcerer for 2 turns
 26788 | Orc:2    | Reached skill level 2 in Dodging
 26801 | Orc:2    | HP: 11/113 [orc priest/divine providence (13)]
 26873 | Orc:2    | Reached skill level 2 in Evocations
 26934 | Orc:2    | Paralysed by an orc sorcerer for 7 turns
 26986 | Orc:2    | Found a staircase to the Elven Halls.
 27001 | Orc:2    | Found Ihaafur's General Store.
 27001 | Orc:2    | Found Moyd's Antique Armour Emporium.
 27001 | Orc:2    | Found Vomeorgh's Jewellery Shoppe.
 27004 | Orc:2    | Found Sucsuu's Weapon Emporium.
 27332 | Orc:2    | Found a runed translucent gate.
 27332 | Orc:2    | Found a runed translucent gate.
 27333 | Orc:2    | Found a runed translucent gate.
 27339 | Orc:2    | Noticed Segg's ghost (adept GnSk)
 27423 | Orc:2    | Found Pifril's Magic Scroll Emporium.
 27724 | Orc:2    | Bought the ring "Keimp" {AC+4 Slay+6} for 1159 gold pieces
 27996 | D:10     | Entered Level 10 of the Dungeon
 28055 | D:10     | Noticed Snorg
 28066 | D:10     | Killed Snorg
 28310 | D:10     | Found a shimmering altar of Xom.
 28500 | D:11     | Found a flickering gateway to a bazaar.
 28504 | D:11     | Reached skill level 3 in Dodging
 28513 | Bazaar   | Entered a bazaar
 28513 | Bazaar   | Found Yfo Qova's Jewellery Shoppe.
 28513 | Bazaar   | Found Tewety's Assorted Antiques.
 28513 | Bazaar   | Found Exiekk's Magic Scroll Emporium.
 28513 | Bazaar   | Found Eddaposou's Antique Armour Emporium.
 28531 | Bazaar   | Bought a scroll of acquirement for 468 gold pieces
 28541 | Bazaar   | Acquired 482 gold pieces
 28570 | D:11     | Reached skill level 3 in Evocations
 28653 | D:11     | Noticed Gastronok
 28661 | D:11     | Killed Gastronok
 28721 | D:11     | Reached skill level 9 in Fighting
 28721 | D:11     | Reached XP level 15. HP: 120/120 MP: 25/25
 29203 | Orc:1    | Identified a +2 broad axe of distortion (a +0 broad axe
                  | corrupted by Lugonu)
 29203 | Orc:1    | Received a gift from Lugonu
 29309 | Orc:2    | Bought a scroll of acquirement for 884 gold pieces
 29309 | Orc:2    | Acquired 746 gold pieces
 30199 | D:12     | Reached skill level 9 in Armour
 30220 | D:12     | Reached skill level 4 in Evocations
 30358 | D:13     | Reached skill level 4 in Dodging
 30981 | D:13     | Got Teonkipp's Handbook of Enchantment
 31010 | D:13     | Found a gate to the Vaults.
 31352 | D:14     | Reached skill level 1 in Shields
 31361 | D:14     | Found a flagged portal.
 31418 | Bailey   | Entered a bailey
 31721 | Bailey   | Reached skill level 5 in Evocations
 31742 | Bailey   | Identified the +5 lajatang of Goafyx {vorpal, rN+ Int+3
                  | Dex-2}
 32045 | D:14     | Reached skill level 5 in Dodging
 32047 | D:14     | Reached skill level 10 in Fighting
 32194 | D:14     | Identified the +1 war axe of Fetudofo {vorpal, *Noise Will+
                  | rCorr Str+7}
 32296 | D:15     | Entered Level 15 of the Dungeon
 32300 | D:15     | Reached skill level 2 in Shields
 32325 | D:15     | HP: 4/123 [deep elf archer/arrow (13)]
 32326 | D:15     | Shot with an arrow by a deep elf archer

Vanquished Creatures
  Gastronok (D:11)
  A dire elephant (Lair:6)
  Snorg (D:10)
  A vault guard (D:13)
  An ice dragon (Lair:6)
  3 hydras
  2 ogre magi (D:13)
  A boulder beetle (D:15)
  3 centaur warriors (D:14)
  5 two-headed ogres
  4 death yaks (Lair:5)
  A death knight (D:15)
  2 orc high priests
  2 fire crabs
  A spectral death yak (Lair:6)
  A spectral anaconda (Lair:6)
  An obsidian statue (Lair:6)
  A deep elf archer (Volcano)
  3 phantasmal warriors (D:15)
  3 necromancers (Lair:6)
  3 orc knights
  5 lindwurms
  3 oklob plants
  4 orc sorcerers (Orc:2)
  11 deep elf pyromancers
  8 cyclopes
  2 manticores
  7 ugly things
  Joseph (Lair:1)
  8 black mambas
  A merfolk siren (Lair:3)
  19 elephants
  A smoke demon (Gauntlet)
  A dire elephant zombie (Lair:6)
  2 gargoyles (D:13)
  A dire elephant skeleton (Lair:6)
  4 kobold demonologists (D:13)
  11 cane toads
  3 torpor snails (Lair:6)
  A freezing wraith (D:14)
  2 unseen horrors
  Psyche (D:9)
  5 rime drakes
  5 komodo dragons
  3 trolls
  A hornet (Lair:4)
  Prince Ribbit (D:6)
  A spectral elephant (Lair:6)
  6 slime creatures
  13 blink frogs
  2 redbacks (Gauntlet)
  4 shadows
  2 wraiths
  5 wyverns
  57 yaks
  2 fire elementals (Volcano)
  A human (D:13)
  A basilisk (Lair:4)
  3 steam dragons
  2 death yak simulacra (Lair:6)
  4 fire bats (Gauntlet)
  A spectral cane toad (Lair:6)
  3 wargs
  11 water moccasins
  Duvessa (D:4)
  5 hell hounds (Volcano)
  20 orc warriors
  3 black bears
  A sky beast (D:6)
  A necrophage (D:5)
  5 ogres
  2 elephant zombies (Lair:6)
  An elephant skeleton (Lair:6)
  2 phantoms
  5 wolves (Lair:1)
  7 centaurs
  8 bullfrogs
  5 scorpions
  A wyvern zombie (D:6)
  Dowan (D:4)
  2 cane toad simulacra (Lair:6)
  A hornet simulacrum (D:14)
  2 elephant simulacra (Lair:6)
  7 wights (D:8)
  3 electric eels (Lair:6)
  6 howler monkeys
  4 crimson imps
  A bullfrog zombie (D:7)
  2 hounds
  A gnoll shaman (D:9)
  3 centaur zombies
  20 orc priests
  A bullfrog skeleton (D:6)
  2 centaur skeletons
  6 iguanas
  31 orc wizards
  3 hell rats (Lair:6)
  A killer bee zombie (D:8)
  2 hound skeletons (D:4)
  2 howler monkey zombies
  Robin (D:2)
  6 gnolls
  6 adders
  A howler monkey skeleton (D:7)
  2 river rats (D:5)
  4 white imps
  9 worms
  4 dart slugs
  73 orcs
  12 endoplasms
  7 giant cockroaches
  11 hobgoblins
  9 jackals
  4 quokkas
  10 ball pythons
  14 bats
  2 frilled lizards (D:1)
  18 goblins
  2 goblin skeletons (D:4)
  A goblin zombie (D:4)
  A hobgoblin zombie (D:4)
  15 kobolds
  2 kobold skeletons (D:4)
  3 kobold zombies (D:4)
  2 orc skeletons (D:4)
  An orc zombie (D:4)
  6 rats
  A spectral orc (D:8)
665 creatures vanquished.

Vanquished Creatures (collateral kills)
  A minotaur (Gauntlet)
1 creature vanquished.

Vanquished Creatures (others)
  A hell rat (Lair:6)
  31 fungi
  56 plants
  24 withered plants (Lair:6)
112 creatures vanquished.

Grand Total: 778 creatures vanquished
